 Dungeon Crawl Stone Soup version 0.30-a0-782-ge64f9170bb (webtiles) character file.

Game seed: 6566731412188386197

334494 Conn the Eclecticist (level 21, -3/120 HPs)
             Began as an Octopode Fire Elementalist on Feb 28, 2023.
             Was a High Priest of Sif Muna.
             Killed from afar by an acid blob (7 damage)
             ... with a splash of acid
             ... on level 5 of the Pits of Slime on Mar 2, 2023.
             The game lasted 04:26:41 (65128 turns).

Conn the Eclecticist (Octopode Fire Elementalist)  Turns: 65128, Time: 04:26:42

Health: -3/120     AC:  7    Str:  9    XL:     21   Next: 84%
Magic:  32/43      EV: 14    Int: 36    God:    Sif Muna [*****.]
Gold:   3390       SH: 34    Dex: 11    Spells: 6/57 levels left

rFire   + + .      SeeInvis .    a - +8 dagger of Vearor {vamp, Fragile rF+ rC+ Will+++}
rCold   + + .      Faith    .    T - +18 shield of the Gong {Loud rN+ Will+ rCorr EV-5}
rNeg    + + .      Spirit   .    (helmet restricted)
rPois   +          Reflect  +    I - amulet of reflection
rElec   +          Harm     .    x - ring of wizardry
rCorr   +          Rampage  .    y - ring "Ritijorch" {+Blink rElec AC+4 Str+3 Dex-3}
Will    +++++                    t - ring "Xiympu Cyono" {rC+ rN+ Will+ Str-2 Int+4}
Stlth   ++++                     X - +6 ring of intelligence
HPRegen 0.40/turn                s - ring of Jaan {Fly rElec rPois rC+}
MPRegen 0.28/turn                K - ring of fire
                                 n - +5 ring of evasion
                                 P - +4 ring of protection

@: corroded, flying, studying Evocations
A: almost no armour, amphibious, 8 rings, camouflage 1, gelatinous body 1,
(nimble swimmer 1), tentacles, iridescent scales 1
}: 2/15 runes: serpentine, barnacled
a: Renounce Religion, Evoke Blink, Channel Magic, Forget Spell, Divine Exegesis


You were on level 5 of the Pits of Slime.
You worshipped Sif Muna.
Sif Muna was extremely pleased with you.
You visited 8 branches of the dungeon, and saw 39 of its levels.
You also visited: Sewer.

You collected 6403 gold pieces.
You spent 3013 gold pieces at shops.

Inventory:

Hand Weapons
 a - the +8 dagger of Vearor (weapon) {vamp, Fragile rF+ rC+ Will+++}
   (You found it on level 5 of the Lair of Beasts)

   rF:        It protects you from fire.
   rC:        It protects you from cold.
   Fragile:   It will be destroyed if unequipped.
   Will:      It greatly increases your willpower.
 j - the +8 great sword "Goblinbane" {speed, rElec rC+ Int+3}
   (You took it off a deep elf death mage on level 3 of the Elven Halls)

   Int:       It affects your intelligence (+3).
   rC:        It protects you from cold.
   rElec:     It insulates you from electricity.
 u - the +9 sword of Zonguldrok {reap}
   (You found it on level 13 of the Dungeon)
Missiles
 r - 2 curare-tipped darts
 J - 2 throwing nets
Armour
 f - a +5 kite shield of protection
 F - the +5 Storm Queen's Shield {shock, Fly rElec}
   (You took it off Donald on level 4 of the Snake Pit)

   Shock:     When it blocks an attack, it may electrocute the attacker.
   This works even against foes who are a short distance away.
   rElec:     It insulates you from electricity.
   Fly:       It grants you flight.
 T - the +18 shield of the Gong (worn) {Loud rN+ Will+ rCorr EV-5}
   (You acquired it on level 15 of the Dungeon)

   Loud:      It is deafeningly noisy when blocking attacks.
   EV:        It affects your evasion (-5).
   rN:        It protects you from negative energy.
   rCorr:     It protects you from acid and corrosion.
   Will:      It increases your willpower.
 V - a +1 tower shield of reflection
Magical Staves
 b - a staff of conjuration
Jewellery
 l - a ring of fire
 n - a +5 ring of evasion (on tentacle)
 s - the ring of Jaan (on tentacle) {Fly rElec rPois rC+}
   (You bought it in a shop on level 2 of the Snake Pit)

   [ring of flight]

   rC:        It protects you from cold.
   rElec:     It insulates you from electricity.
   rPois:     It protects you from poison.
   Fly:       It grants you flight.
 t - the ring "Xiympu Cyono" (on tentacle) {rC+ rN+ Will+ Str-2 Int+4}
   (You bought it in a shop on level 2 of the Snake Pit)

   [ring of protection from cold]

   Str:       It affects your strength (-2).
   Int:       It affects your intelligence (+4).
   rC:        It protects you from cold.
   rN:        It protects you from negative energy.
   Will:      It increases your willpower.
 w - a +6 ring of intelligence
 x - a ring of wizardry (left tentacle)
 y - the ring "Ritijorch" (right tentacle) {+Blink rElec AC+4 Str+3 Dex-3}
   (You took it off a deep elf annihilator on level 3 of the Elven Halls)

   [ring of protection]

   AC:        It affects your AC (+4).
   Str:       It affects your strength (+3).
   Dex:       It affects your dexterity (-3).
   rElec:     It insulates you from electricity.
   +Blink:    It lets you blink.
 A - a ring of resist corrosion
 D - the ring "Taqu" {Str-3 Dex+5 SInv}
   (You bought it in a shop on level 5 of the Dungeon)

   [ring of see invisible]

   Str:       It affects your strength (-3).
   Dex:       It affects your dexterity (+5).
   SInv:      It lets you see invisible.
 I - an amulet of reflection (around mantle)
 K - a ring of fire (on tentacle)
 P - a +4 ring of protection (on tentacle)
 X - a +6 ring of intelligence (on tentacle)
Wands
 d - a wand of iceblast (43)
 v - a wand of paralysis (35)
 E - a wand of quicksilver (32)
 R - a wand of mindburst (13)
Scrolls
 g - 6 scrolls of immolation
 h - 4 scrolls of enchant armour
 m - 10 scrolls of enchant weapon
 p - 18 scrolls of teleportation
 B - 11 scrolls of fog
 C - 3 scrolls of poison
 G - 24 scrolls of identify
 H - 3 scrolls of summoning
 N - 4 scrolls of magic mapping
 S - 4 scrolls of amnesia
Potions
 c - 4 potions of invisibility
 e - 10 potions of curing
 i - 6 potions of flight
 k - 7 potions of brilliance
 o - 12 potions of mutation
 L - 2 potions of haste
 M - 4 potions of berserk rage
 O - 5 potions of cancellation
 Q - a potion of magic
 U - 6 potions of might
 Y - 2 potions of resistance
 Z - 4 potions of heal wounds


   Skills:
 + Level 3.9 Fighting
 + Level 3.4 Short Blades
 + Level 0.8(1.3) Axes
 + Level 1.6(1.7) Polearms
 + Level 7.8 Dodging
 - Level 7.0 Stealth
 * Level 12.3 Shields
 + Level 18.6 Spellcasting
 * Level 17.6 Conjurations
 - Level 3.4 Hexes
 + Level 1.2 Translocations
 - Level 4.0 Transmutations
 + Level 18.2 Fire Magic
 * Level 7.5 Ice Magic
 + Level 5.2 Earth Magic
 + Level 13.8 Invocations


You had 6 spell levels left.
You knew the following spells:

 Your Spells              Type           Power      Damage    Failure   Level
a - Foxfire               Conj/Fire      100%       2x1d9     0%          1
b - Ignition              Fire           64%        3d17      2%          8
c - Inner Flame           Hex/Fire       100%       N/A       1%          3
d - Flame Wave            Conj/Fire      100%       2d21      0%          4
e - Scorch                Fire           100%       2d10      0%          2
f - Iskenderun's Mystic   Conj/Tloc      80%        2d16      1%          4
g - Stone Arrow           Conj/Erth      100%       3d13      1%          3
h - Fireball              Conj/Fire      63%        3d24      1%          5
i - Orb of Destruction    Conj           51%        9d13      1%          7
j - Starburst             Conj/Fire      63%        6d17      1%          6
k - Metabolic Englaciati  Hex/Ice        32%        N/A       2%          5
l - Hailstorm             Conj/Ice       90%        3d18      1%          3

Your spell library contained the following spells:

 Spells                   Type           Power      Damage    Failure   Level
 Magic Dart               Conj           100%       1d8       0%          1
 Searing Ray              Conj           100%       2d8       0%          2
 Sticky Flame             Conj/Fire      100%       2d11      0%          4
 Apportation              Tloc           84%        N/A       1%          1
 Freeze                   Ice            100%       1d10      1%          1
 Necrotise                Necr           100%       1d9       1%          1
 Sandblast                Erth           100%       2d20      1%          1
 Shock                    Conj/Air       100%       1d9       1%          1
 Summon Small Mammal      Summ           100%       N/A       1%          1
 Cigotuvi's Dreadful Rot  Necr/Pois/Air  66%        N/A       1%          2
 Ensorcelled Hibernation  Hex/Ice        100%       N/A       1%          2
 Lesser Beckoning         Tloc           84%        N/A       1%          2
 Momentum Strike          Conj/Tloc      100%       3d10      1%          2
 Passwall                 Tmut/Erth      50%        N/A       1%          2
 Poisonous Vapours        Pois/Air       66%        N/A       1%          2
 Static Discharge         Conj/Air       100%       2-7/arc   1%          2
 Sublimation of Blood     Necr           33%        N/A       1%          2
 Confusing Touch          Hex            56%        N/A       1%          3
 Frozen Ramparts          Ice            100%       1d16      1%          3
 Gell's Gravitas          Tloc           42%        N/A       1%          3
 Ignite Poison            Fire/Tmut/Pois 92%        N/A       1%          3
 Kindle Blastsparks       Fire/Tloc/Air  100%       2d18      1%          3
 Mephitic Cloud           Conj/Pois/Air  66%        N/A       1%          3
 Portal Projectile        Hex/Tloc       100%       N/A       1%          3
 Spider Form              Tmut/Pois      47%        N/A       1%          3
 Teleport Other           Tloc           42%        N/A       1%          3
 Tukima's Dance           Hex            56%        N/A       1%          3
 Vhi's Electric Charge    Tloc/Air       76%        N/A       1%          3
 Fulminant Prism          Conj/Hex       41%        3d19      1%          4
 Ice Form                 Ice/Tmut       66%        N/A       1%          4
 Leda's Liquefaction      Hex/Erth       30%        N/A       1%          4
 Petrify                  Tmut/Erth      61%        N/A       1%          4
 Summon Ice Beast         Ice/Summ       57%        N/A       1%          4
 Arcjolt                  Conj/Air       38%        1d48      1%          5
 Freezing Cloud           Conj/Ice/Air   38%        6-21      1%          5
 Irradiate                Conj/Tmut      42%        3d25      1%          5
 Iskenderun's Battlesphe  Conj           100%       2d15      1%          5
 Lightning Bolt           Conj/Air       38%        1d57      1%          5
 Iron Shot                Conj/Erth      43%        9d8       1%          6
 Call Canine Familiar     Summ           33%        N/A       2%          3
 Swiftness                Air            33%        N/A       2%          3
 Vampiric Draining        Necr           33%        2d8       2%          3
 Lee's Rapid Deconstruct  Erth           31%        3d16*     2%          5
 Conjure Ball Lightning   Conj/Air       38%        3x3d12    3%          6
 Anguish                  Hex/Necr       23%        N/A       4%          4
 Manifold Assault         Tloc           42%        N/A       4%          4
 Blade Hands              Tmut           29%        N/A       4%          5
 Airstrike                Air            16%        2d(3-19)  8%          4
 Summon Lightning Spire   Summ/Air       33%        N/A       8%          4
 Alistair's Intoxication  Tmut/Pois      31%        N/A       10%         5
 Statue Form              Tmut/Erth      40%        N/A       17%         6
 Simulacrum               Ice/Necr       28%        N/A       24%         6
 Dispersal                Tloc           21%        N/A       52%         6
 Spellforged Servitor     Conj/Summ      38%        N/A       16%         7
 Lehudib's Crystal Spear  Conj/Erth      43%        10d10     41%         8
 Enfeeble                 Hex            28%        N/A       80%         7
 Storm Form               Tmut/Air       23%        N/A       94%         7
 Disjunction              Tloc           21%        N/A       100%        8
 Maxwell's Capacitive Co  Air            16%        ∞         100%        8
 Chain Lightning          Conj/Air       38%        3d51      100%        9


Dungeon Overview and Level Annotations

Branches:
Dungeon (15/15)            Temple (1/1) D:4            Lair (5/5) D:10
 Shoals (4/4) Lair:3        Snake (4/4) Lair:2        Slime (5/5) Lair:4
    Orc (2/2) D:10            Elf (3/3) Orc:2        Vaults (0/5) D:14
 Depths (0/4) D:15          Sewer (visited)

Altars:
Ashenzari
Cheibriados
Dithmenos
Elyvilon
Fedhas
Gozag
Hepliaklqana
Kikubaaqudgha
Makhleb
Nemelex Xobeh
Okawaru
Qazlal
Ru
Sif Muna
Trog
Uskayaw
Vehumet
Wu Jian
Xom
Yredelemnul
Zin
The Shining One
Jiyva

Shops:
D:5 =*   Orc:2 !?[!   Elf:1 [:   Elf:2 (   Shoals:3 (   Snake:1 **
Snake:2 ==:   Snake:3 [

Portals:
Trove: Elf:1 (give +5 demon whip)

Annotations:
D:8 3 runed translucent doors, Pascal76's ghost, novice MiBe
D:10 2 runed translucent doors, TryHard88's ghost, journeyman MiBe
Snake:1 3 runed translucent doors, exclusion: obsidian statue, Tukkeer's ghost, adept FoFE
Slime:5 Royal Jelly
Elf:3 2 transporters, Smoky173's ghost, adept MiFi


Innate Abilities, Weirdness & Mutations

You cannot wear most types of armour.
You are amphibious.
You can wear up to eight rings at the same time.
Your skin changes colour to match your surroundings (Stealth+).
Your rubbery body absorbs attacks. (AC +1, EV +1)
((You are camouflaged when in or above water. (Stealth+)))
You have tentacles for arms and can constrict up to eight enemies at once.
You are partially covered in iridescent scales. (AC +2)


Message History

Press: ? - help, Shift-Dir - straight line, f - azure jelly
Aim: an azure jelly Two slime creatures merge to form a large slime creature.
The orb of destruction hits the azure jelly!!!
The azure jelly is severely wounded.
The acid blob spits acid at you. The splash of acid hits you! You resist.
The acid blob spits acid at you. The splash of acid hits you!! You resist.
* * * LOW HITPOINT WARNING * * *
Okay, then.
Unknown command.
Okay, then.
Unknown command.
Casting: Orb of Destruction (dangerous; 1% risk of failure)
Confirm with . or Enter, or press ? or * to list all spells.
Casting: Ignition (dangerous; 2% risk of failure)
Press: ? - help, Dir - look around, f - activate
Okay, then.
Unknown command.
Unknown command.
Okay, then.
Okay, then.
Casting: Ignition (dangerous; 2% risk of failure)
Confirm with . or Enter, or press ? or * to list all spells.
Casting: Metabolic Englaciation (dangerous; 2% risk of failure)
Press: ? - help, Dir - look around, f - activate You radiate an aura of cold.
The acid blob seems to slow down.
The azure jelly is unaffected.
The quicksilver ooze seems to slow down.
The acid blob seems to slow down. x2; The azure jelly is unaffected.
The slime creature seems to slow down.
The quicksilver ooze seems to slow down.
The acid blob seems to slow down.
The acid blob spits acid at you. The splash of acid hits you! You resist.
* * * LOW HITPOINT WARNING * * *
The acid blob spits acid at you. The splash of acid hits you! You resist.
You die...

###.................
#.....°J...JJ.......
#.......JJJ.........
#....°.....J........
##.....J.J......J.J..
#...........J........
##...................#
#....................#
#.......@.......
##..............
#..............
##.............
#.............
####..........
...........
##..........


You could see the Royal Jelly, 4 acid blobs, 2 azure jellies, a slime creature
(slow) and 2 quicksilver oozes.

Vanquished Creatures
  Nikola (Elf:1)
  A deep elf master archer (Elf:3)
  Frances (Snake:1)
  2 krakens (Shoals:2)
  13 acid blobs
  A storm dragon (D:15)
  A tengu reaver (D:15)
  Agnes (Elf:1)
  The ghost of Wubuem the Fencer, an adept GnHu of Hepliaklqana (Snake:3)
  7 rockslimes
  Donald (Snake:4)
  3 nagarajas
  5 azure jellies
  The ghost of Imnukeeq the Severer, a journeyman MiBe of Trog (Snake:4)
  7 deep elf sorcerers
  Ilsuiw (Shoals:4)
  Aizul (Snake:4)
  9 quicksilver oozes
  10 deep elf elementalists
  A very ugly thing (D:15)
  2 orc warlords (Orc:1)
  A stone giant (D:15)
  5 deep elf demonologists
  9 deep elf annihilators
  6 merfolk javelineers
  An ettin (D:15)
  5 deep elf death magi
  6 deep elf high priests (Elf:3)
  11 merfolk impalers
  An entropy weaver (shapeshifter) (D:15)
  5 great orbs of eyes
  An ice dragon (D:15)
  A hydra (shapeshifter) (D:15)
  A vault guard (D:14)
  3 hydras
  5 salamander tyrants (Snake:4)
  10 anacondas
  A catoblepas (D:10)
  6 centaur warriors
  2 ogre magi
  2 alligator snapping turtles (Shoals:4)
  6 merfolk avatars
  6 merfolk aquamancers (Shoals:4)
  8 two-headed ogres
  9 boulder beetles
  2 satyrs (Shoals:4)
  22 naga warriors
  26 dancing weapons
  3 orc high priests (Orc:2)
  10 naga sharpshooters
  Urug (Lair:2)
  3 tengu warriors
  12 shock serpents
  16 deep elf knights
  7 salamander mystics
  4 skeletal warriors (D:13)
  15 sea snakes
  A spectral anaconda (Snake:3)
  2 skysharks
  A death drake (shapeshifter) (D:15)
  A flayed ghost (D:15)
  11 naga ritualists
  A wolf spider zombie (D:13)
  4 lindwurms
  A wizard (D:14)
  4 necromancers
  A phantasmal warrior (D:15)
  6 orc knights
  21 deep elf zephyrmancers
  13 deep elf archers
  13 mana vipers
  5 shining eyes
  26 harpies
  16 deep elf pyromancers
  A wolf spider (D:15)
  12 ugly things
  10 fauns
  22 salamanders
  A spectral shock serpent (Snake:3)
  6 orc sorcerers
  20 manticores
  14 merfolk sirens
  A guardian serpent (shapeshifter) (Orc:2)
  9 elephants (Lair:4)
  9 cyclopes
  5 water nymphs
  10 guardian serpents
  11 naga magi
  3 eyes of devastation
  41 black mambas
  9 centaur zombies (D:13)
  Maggie (D:8)
  2 gargoyles (D:12)
  7 centaur skeletons (D:13)
  An unseen horror (D:6)
  2 torpor snails (Lair:5)
  3 rime drakes
  6 cane toads
  A kobold demonologist (D:12)
  An efreet (D:15)
  A freezing wraith (D:15)
  12 komodo dragons
  2 yaktaurs (shapeshifter)
  6 trolls
  3 meliai (D:13)
  A meliai (shapeshifter) (D:15)
  27 merfolk
  6 polar bears
  3 wind drakes
  A tarantella (shapeshifter) (D:13)
  4 hornets (Lair:5)
  24 blink frogs
  13 dream sheep
  7 snapping turtles
  A blink frog (shapeshifter) (D:10)
  118 slime creatures
  5 air elementals
  A vampire (D:12)
  A spriggan (shapeshifter) (D:14)
  A centaur simulacrum (D:15)
  A yak (shapeshifter) (Elf:3)
  13 spriggans (Lair:5)
  4 water elementals
  2 wraiths
  3 fire elementals
  3 large abominations (Elf:1)
  4 wyverns (D:9)
  29 yaks
  2 steam dragons
  7 golden eyes
  7 basilisks
  18 vampire mosquitoes
  38 nagas
  2 wargs
  An acid dragon (D:11)
  A floating eye (Slime:5)
  17 water moccasins
  A guardian serpent simulacrum (Snake:3)
  6 black bears
  2 sky beasts (D:7)
  A hornet zombie (D:13)
  30 orc warriors
  10 boggarts
  14 centaurs
  19 wolves
  9 ogres
  2 phantoms
  2 elf zombies (Elf:1)
  2 kobold brigands
  3 earth elementals
  2 gnoll sergeants (D:6)
  4 scorpions
  13 bullfrogs
  A necrophage (D:5)
  11 wights
  2 spectral nagas (Snake:3)
  9 killer bees
  3 electric eels
  3 howler monkeys
  A jelly (Lair:4)
  A gnoll bouda (D:5)
  25 orc priests
  3 hounds
  22 orc wizards
  A boggart zombie (D:13)
  10 iguanas
  A boggart skeleton (D:13)
  16 gnolls
  17 adders
  A river rat (Sewer)
  4 naga simulacra (Snake:3)
  A shadow imp (D:7)
  2 worms
  2 dart slugs
  89 orcs
  16 ball pythons
  4 bats
  9 endoplasms
  6 giant cockroaches
  11 goblins
  9 hobgoblins
  3 jackals (D:1)
  21 kobolds
  5 quokkas
  4 frilled lizards
  29 rats
  2 bushes (Lair:5)
1490 creatures vanquished.

Vanquished Creatures (collateral kills)
  12 foxfires
12 creatures vanquished.

Vanquished Creatures (others)
  A fire dragon (D:15)
  A cyclops (D:15)
  A fire elemental (Elf:1)
  A bush (Snake:2)
  2215 foxfires
  78 fungi
  244 plants
  12 tentacles (Shoals:2)
  24 withered plants (Lair:1)
2577 creatures vanquished.

Grand Total: 4079 creatures vanquished

Notes
Turn   | Place    | Note
-------+----------+-------------------------------------------
     0 | D:1      | Conn the Octopode Fire Elementalist began the quest for the
                  | Orb.
     0 | D:1      | Reached XP level 1. HP: 11/11 MP: 3/3
   410 | D:1      | Reached XP level 2. HP: 17/17 MP: 5/5
   632 | D:1      | Reached XP level 3. HP: 21/21 MP: 3/6
  1450 | D:2      | Reached XP level 4. HP: 27/27 MP: 7/7
  2272 | D:3      | Found a glowing drain.
  2278 | Sewer    | Entered a sewer
  2382 | Sewer    | Reached XP level 5. HP: 31/31 MP: 5/9
  2472 | Sewer    | Learned a level 2 spell: Scorch
  2479 | Sewer    | Learned a level 3 spell: Inner Flame
  2865 | Sewer    | Reached XP level 6. HP: 25/36 MP: 5/10
  2952 | Sewer    | Gained mutation: You are partially covered in iridescent
                  | scales. (AC +2) [potion of mutation]
  3600 | D:4      | Reached XP level 7. HP: 41/41 MP: 8/12
  3605 | D:4      | Learned a level 4 spell: Flame Wave
  3829 | D:4      | Found a glowing golden altar of the Shining One.
  3918 | D:4      | Found a staircase to the Ecumenical Temple.
  3944 | Temple   | Entered the Ecumenical Temple
  4043 | Temple   | Became a worshipper of Sif Muna the Loreminder
  4450 | D:5      | Entered Level 5 of the Dungeon
  4645 | D:5      | Found an iron altar of Okawaru.
  4654 | D:5      | Reached skill level 5 in Stealth
  4654 | D:5      | Reached skill level 5 in Spellcasting
  4654 | D:5      | Reached skill level 1 in Hexes
  4971 | D:5      | Reached XP level 8. HP: 46/46 MP: 14/16
  4980 | D:5      | Learned a level 4 spell: Sticky Flame
  5021 | D:5      | Reached * piety under Sif Muna
  5109 | D:5      | Found Etalutar's Jewellery Shop.
  5248 | D:5      | Found Idap's Assorted Antiques.
  5293 | D:5      | Reached skill level 5 in Fire Magic
  6018 | D:6      | Killed an unseen horror
  6019 | D:6      | Reached XP level 9. HP: 35/52 MP: 2/19
  6318 | D:6      | Reached ** piety under Sif Muna
  6864 | D:5      | Bought a ring of poison resistance for 200 gold pieces
  7070 | D:7      | Reached skill level 1 in Fighting
  7072 | D:7      | Reached skill level 5 in Conjurations
  7296 | D:7      | Found a broken altar of Ashenzari.
  7408 | D:7      | Learned a level 5 spell: Irradiate
  7409 | D:7      | Found a white marble altar of Elyvilon.
  7701 | D:7      | Reached *** piety under Sif Muna
  7702 | D:7      | Reached skill level 1 in Invocations
  7877 | D:7      | Reached skill level 1 in Polearms
  8047 | D:7      | Reached skill level 1 in Transmutations
  8649 | D:8      | Reached XP level 10. HP: 32/58 MP: 3/22
  8891 | D:8      | Found a runed translucent gate.
  8893 | D:8      | Found a runed translucent gate.
  8894 | D:8      | Found a runed translucent gate.
  9098 | D:8      | Noticed Maggie
  9349 | D:5      | Bought the ring "Taqu" {Str-3 Dex+5 SInv} for 262 gold
                  | pieces
 10031 | D:8      | Found a sacrificial altar of Ru.
 10099 | D:8      | Killed Maggie
 10369 | D:8      | Noticed Pascal76's ghost (novice MiBe)
 10668 | D:9      | Noticed an ogre mage
 10675 | D:9      | Killed an ogre mage
 10676 | D:9      | Reached skill level 1 in Shields
 10820 | D:9      | Learned a level 3 spell: Stone Arrow
 10918 | D:9      | Found a snail-covered altar of Cheibriados.
 10918 | D:9      | Found a bloodstained altar of Trog.
 11316 | D:9      | Reached **** piety under Sif Muna
 11413 | D:9      | Reached XP level 11. HP: 63/63 MP: 17/24
 11489 | D:10     | Entered Level 10 of the Dungeon
 11745 | D:10     | Reached skill level 5 in Invocations
 12001 | D:10     | Found a staircase to the Orcish Mines.
 12069 | D:10     | Found a large runed translucent door.
 12069 | D:10     | Found a large runed translucent door.
 12070 | D:10     | Noticed TryHard88's ghost (journeyman MiBe)
 12288 | D:10     | Found an opulent altar of Gozag.
 12288 | D:10     | Found a glowing silver altar of Zin.
 12355 | D:10     | Found a shadowy altar of Dithmenos.
 12457 | D:10     | Found a staircase to the Lair.
 12539 | D:10     | Reached ***** piety under Sif Muna
 12902 | D:10     | Noticed a catoblepas
 12903 | D:10     | Noticed a white ugly thing
 13036 | D:10     | Killed a catoblepas
 13037 | D:10     | Killed a white ugly thing
 13397 | Lair:1   | Entered Level 1 of the Lair of Beasts
 13450 | Lair:1   | Reached skill level 1 in Earth Magic
 13489 | Lair:1   | Received a gift from Sif Muna
 13490 | Lair:1   | Reached skill level 10 in Spellcasting
 13490 | Lair:1   | Got Sif Muna's Grimoire of the Wild Ground {god gift}
 13497 | Lair:1   | Learned a level 5 spell: Fireball
 13715 | Lair:1   | Reached XP level 12. HP: 70/70 MP: 0/26
 14685 | Lair:2   | Noticed Urug
 15205 | Lair:2   | Found an opulent altar of Gozag.
 15239 | Lair:2   | Killed Urug
 15706 | Lair:2   | Found a staircase to the Snake Pit.
 16212 | Lair:3   | Reached skill level 10 in Fire Magic
 16887 | Lair:3   | Found a staircase to the Shoals.
 17535 | Lair:4   | Noticed a boulder beetle
 17544 | Lair:4   | Received a gift from Sif Muna
 17550 | Lair:4   | Reached XP level 13. HP: 75/75 MP: 5/28
 17554 | Lair:4   | Got Sif Muna's Compendium of Stony Concussion {god gift}
 17686 | Lair:4   | Reached skill level 5 in Shields
 17690 | Lair:4   | Reached skill level 5 in Earth Magic
 17832 | Lair:4   | Found a staircase to the Slime Pits.
 17832 | Lair:4   | Found a viscous altar of Jiyva.
 18170 | D:5      | Bought a +4 ring of protection for 360 gold pieces
 18353 | Orc:1    | Entered Level 1 of the Orcish Mines
 18357 | Orc:1    | Noticed an orc warlord
 19610 | Lair:5   | Entered Level 5 of the Lair of Beasts
 19617 | Lair:5   | Identified the +8 dagger of Vearor {vamp, Fragile rF+ rC+
                  | Will+++}
 21391 | Lair:5   | Reached XP level 14. HP: 70/81 MP: 15/30
 21567 | Lair:5   | Found a snail-covered altar of Cheibriados.
 21782 | Lair:5   | Reached skill level 10 in Conjurations
 22254 | D:10     | Learned a level 7 spell: Orb of Destruction
 22701 | D:11     | Identified the +8 shortbow of Hoghub {drain, rF+ rC+ rCorr
                  | Str-5}
 25924 | D:13     | Reached skill level 1 in Short Blades
 26160 | D:13     | Reached skill level 5 in Dodging
 26238 | D:13     | Received a gift from Sif Muna
 26239 | D:13     | Got Sif Muna's Incunable of Attacks {god gift}
 26408 | D:13     | Found the +9 sword of Zonguldrok {reap}
 26408 | D:13     | Noticed a bone dragon
 27093 | Shoals:1 | Entered Level 1 of the Shoals
 27175 | Shoals:1 | Reached XP level 15. HP: 36/86 MP: 0/32
 27332 | Shoals:1 | Learned a level 6 spell: Starburst
 28847 | Shoals:2 | You are sucked into a shaft and drop 1 floor!
 29845 | Shoals:3 | Found Unikusij's Weapon Shoppe.
 30037 | Shoals:3 | Identified the +4 battleaxe of Uskayaw, Hammering {elec,
                  | Fragile +Blink rPois rC+++}
 30581 | Shoals:4 | Entered Level 4 of the Shoals
 31740 | Shoals:2 | Identified a scroll of acquirement
 31753 | Shoals:2 | Acquired 848 gold pieces
 31958 | Shoals:2 | Noticed a kraken
 31964 | Shoals:2 | Noticed a kraken
 31965 | Shoals:2 | Killed a kraken
 31974 | Shoals:2 | Reached XP level 16. HP: 49/91 MP: 13/34
 31986 | Shoals:2 | Killed a kraken
 32755 | Shoals:4 | Noticed Ilsuiw
 32843 | Shoals:4 | HP: 4/91 [merfolk impaler/+2 heavy trident (15)]
 33302 | Shoals:4 | Reached skill level 10 in Invocations
 33578 | Snake:1  | Entered Level 1 of the Snake Pit
 33942 | Snake:1  | Noticed Frances
 33953 | Snake:1  | Killed Frances
 33954 | Snake:1  | Reached skill level 15 in Fire Magic
 34534 | Snake:1  | Found a runed translucent gate.
 34534 | Snake:1  | Found a runed translucent gate.
 34534 | Snake:1  | Found a runed translucent gate.
 34535 | Snake:1  | Found an opulent altar of Gozag.
 34536 | Snake:1  | Found Pege's Assorted Antiques.
 34536 | Snake:1  | Noticed Tukkeer's ghost (adept FoFE)
 34538 | Snake:1  | Found Ceegom's Assorted Antiques.
 35181 | Snake:2  | Noticed a nagaraja
 35195 | Snake:2  | Killed a nagaraja
 36516 | Snake:2  | Found Vuch's Book Shop.
 36516 | Snake:2  | Found Deoperya's Jewellery Shoppe.
 36517 | Snake:2  | Found Pathrent's Jewellery Shoppe.
 36522 | Snake:2  | Reached skill level 15 in Spellcasting
 36613 | Snake:2  | Bought a ring of fire for 325 gold pieces
 36617 | Snake:2  | Bought the ring of Jaan {Fly rElec rPois rC+} for 768 gold
                  | pieces
 36617 | Snake:2  | Bought the ring "Xiympu Cyono" {rC+ rN+ Will+ Str-2 Int+4}
                  | for 828 gold pieces
 37178 | Snake:3  | Received a gift from Sif Muna
 37181 | Snake:3  | Got Sif Muna's Octavo of Fulgent Oxidation {god gift}
 37752 | Snake:3  | Reached XP level 17. HP: 63/97 MP: 28/36
 38623 | Snake:3  | Found a runed translucent gate.
 38623 | Snake:3  | Found a runed translucent gate.
 38624 | Snake:3  | Found a runed translucent gate.
 38625 | Snake:3  | Noticed Wubuem's ghost (adept GnHu)
 38635 | Snake:3  | Learned a level 8 spell: Ignition
 39532 | Orc:2    | Entered Level 2 of the Orcish Mines
 39797 | Orc:2    | Found a staircase to the Elven Halls.
 40185 | Orc:2    | Found Uqehaef's Distillery.
 40214 | Orc:2    | Found Ruacrom's Armour Boutique.
 40234 | Orc:2    | Found Hoent's Distillery.
 40236 | Orc:2    | Found Toneacin's Magic Scroll Emporium.
 40366 | Orc:2    | Bought a scroll of blinking for 90 gold pieces
 40656 | Orc:2    | Bought a potion of heal wounds for 50 gold pieces
 40666 | Orc:2    | Bought a potion of heal wounds for 65 gold pieces
 40666 | Orc:2    | Bought a potion of heal wounds for 65 gold pieces
 40729 | Orc:1    | Received a gift from Sif Muna
 40736 | Orc:1    | Got Qowkuck's Omnibus of the Zephyr {god gift}
 41020 | Elf:1    | Entered Level 1 of the Elven Halls
 41257 | Elf:1    | Noticed Nikola
 41273 | Elf:1    | Killed Nikola
 41433 | Elf:1    | Found Movumih's Antique Armour Shop.
 41870 | Elf:1    | Noticed Agnes
 42119 | Elf:1    | Found Plog's Book Shoppe.
 42155 | Elf:1    | Killed Agnes
 42379 | Elf:1    | Got the Information on Mortification
 42503 | Elf:1    | Found a portal to a secret trove of treasure.
 42782 | Elf:2    | Found a radiant altar of Vehumet.
 42816 | Elf:2    | Found Nopleupn's Antique Weapon Emporium.
 42951 | Elf:2    | Paralysed by an air elemental for 1 turns
 42956 | Elf:2    | Reached XP level 18. HP: 94/104 MP: 22/37
 43084 | Elf:2    | Found a runed translucent gate.
 43085 | Elf:2    | Found a runed translucent gate.
 43085 | Elf:2    | Found a runed translucent gate.
 45290 | Elf:3    | Entered Level 3 of the Elven Halls
 45368 | Elf:3    | Found a transporter.
 45457 | Elf:3    | Noticed Smoky173's ghost (adept MiFi)
 45765 | Elf:3    | Found a transporter.
 46074 | Elf:3    | Noticed a deep elf master archer
 46478 | Elf:3    | Identified the +3 halberd of Callousness {venom, Stlth+}
 46740 | Elf:3    | Identified the +9 plate armour "Zihuoxka" {Str+2 Int+4}
 46935 | Elf:3    | Killed a deep elf master archer
 46936 | Elf:3    | Reached XP level 19. HP: 43/108 MP: 20/39
 47326 | Elf:3    | Reached skill level 15 in Conjurations
 47414 | Elf:3    | Identified the +8 great sword "Goblinbane" {speed, rElec
                  | rC+ Int+3}
 47670 | Elf:3    | Identified the ring "Ritijorch" {+Blink rElec AC+4 Str+3
                  | Dex-3}
 48348 | Elf:3    | Got the Monograph on Graupel
 48757 | D:10     | Learned a level 5 spell: Metabolic Englaciation
 49352 | D:14     | Found a gate to the Vaults.
 50011 | D:14     | Reached skill level 1 in Ice Magic
 50478 | D:15     | Entered Level 15 of the Dungeon
 50831 | D:15     | Acquired 1075 gold pieces
 51240 | D:15     | Reached skill level 10 in Shields
 52102 | D:15     | Acquired the +18 shield of the Gong {Loud rN+ Will+ rCorr
                  | EV-5}
 52102 | D:15     | Found the +18 shield of the Gong {Loud rN+ Will+ rCorr
                  | EV-5}
 52124 | D:15     | Found a staircase to the Depths.
 52788 | Shoals:4 | Received a gift from Sif Muna
 53087 | Shoals:4 | Killed Ilsuiw
 53221 | Shoals:4 | Identified the +1 morningstar "Taidwey" {vamp, Dex+3}
 53377 | Shoals:4 | Reached XP level 20. HP: 80/116 MP: 24/41
 54628 | Shoals:4 | Identified the +12 great sword "Imoogg" {pain, rN+ Dex+3}
 54940 | Shoals:4 | Got a barnacled rune of Zot
 55412 | Snake:1  | Learned a level 3 spell: Hailstorm
 55531 | Snake:3  | Found Lecir's Antique Armour Shoppe.
 56198 | Snake:3  | Killed Wubuem's ghost
 56202 | Snake:3  | Received a gift from Sif Muna
 56216 | Snake:3  | Got Furch's Codex of Nonlocality and Ceraunoscopy {god
                  | gift}
 56342 | Snake:4  | Entered Level 4 of the Snake Pit
 56773 | Snake:4  | Noticed Imnukeeq's ghost (journeyman MiBe)
 56774 | Snake:4  | Found a runed translucent door.
 56800 | Snake:4  | Noticed Donald
 56808 | Snake:4  | Noticed Aizul
 56817 | Snake:4  | Killed Aizul
 56818 | Snake:4  | Reached skill level 5 in Ice Magic
 57188 | Snake:4  | Killed Imnukeeq's ghost
 57374 | Snake:4  | Killed Donald
 58742 | Snake:4  | Received a gift from Sif Muna
 58743 | Snake:4  | Got Sif Muna's Incunabulum of Fateful Conflict {god gift}
 58750 | Snake:4  | Learned a level 4 spell: Iskenderun's Mystic Blast
 59899 | Snake:4  | Reached XP level 21. HP: 44/120 MP: 1/43
 60243 | Snake:4  | Got a serpentine rune of Zot
 60634 | Slime:1  | Entered Level 1 of the Pits of Slime
 62081 | Slime:4  | Received a gift from Sif Muna
 62216 | Slime:2  | Found a viscous altar of Jiyva.
 63103 | Slime:3  | Reached skill level 1 in Translocations
 64239 | Slime:5  | Entered Level 5 of the Pits of Slime
 64437 | Slime:4  | HP: 1/120 [rockslime (42)]
 64940 | Slime:5  | Noticed the Royal Jelly
 65128 | Slime:5  | HP: 4/120 [acid blob/splash of acid (17)]
 65128 | Slime:5  | Killed from afar by an acid blob

Illustrated notes

Levels and vault maps discovered:
D:1:      erik_arrival_blinker_ship, layout_basic, minmay_misc_feat_roman
D:2:      layout_basic, minivault_19
D:3:      layout_rooms, gup_sewer_entry_pipe, serial_forest,
          infiniplex_forest_lined_room_, infiniplex_forest_straight_4,
          infiniplex_forest_zigzag_1, infiniplex_forest_end_3,
          infiniplex_forest_fountain, infiniplex_forest_straight_5,
          infiniplex_forest_lined_room_3
D:4:      layout_basic, tso_altar, temple_doors_cd
D:5:      layout_loops_cross, kennysheep_okawaru_gauntlet, serial_shops,
          nicolae_lakefront_shop, kennysheep_little_box
D:6:      layout_layer_cave
D:7:      layout_loops_corners, amcnicky_altar_gilded,
          mainiacjoe_overflow_24_doors, enter_bailey_3
D:8:      layout_basic, marbit_many_paths, gammafunk_ghost_spectres, uniq_maggie
D:9:      layout_gridville, chequers_temple_overflow_statue_of_worship,
          minmay_librarian
D:10:     minmay_chambers_of_sixes, layout_basic,
          grunt_temple_overflow_gold_and_silver, mainiacjoe_overflow_chevrons,
          grunt_lair_entry_orc_guard_hut, david_orc_5,
          ebering_ghost_disaster_area
D:11:     layout_loops_ring
D:12:     layout_gridville, drop_trap, kennysheep_generic_room_10
D:13:     layout_cave_pods, minmay_guarded_unrand_zonguldrok
D:14:     layout_gridville, david_vaults_5, kennysheep_generic_room_9
D:15:     grunt_enter_depths_snipers, layout_rooms, solitary_fountain,
          grunt_decor_resistance, nicolae_rejected_hall
Temple:   minmay_temple_bridge_abc
Lair:1:   layout_long_grid, pdpol_lair_neglected_garden, grunt_megastairs_3,
          serial_bayou_shore_b, lemuel_fruit_fields, lemuel_fruit_tree
Lair:2:   layout_concentric_octagons, guppyfry_snake_entry_garden,
          lemuel_altar_in_water2, pond, uniq_urug
Lair:3:   layout_misc_corridors, elwin_shoals_entry_stream,
          chequers_serial_rivers_small_a
Lair:4:   layout_gridlike, minmay_slime_entry_pillars,
          cheibrodos_lair_reptile_den
Lair:5:   minmay_lair_end_enchanted_forest, layout_long_grid,
          kennysheep_snail_temple
Shoals:1: layout_shoals
Shoals:2: layout_shoals, nicolae_shoals_dead_sea_scrolls
Shoals:3: nicolae_shoals_island_circles, layout_shoals, serial_shops,
          nicolae_shop_advertising_works [nicolae_subvault_shop_adworks]
Shoals:4: shoals_end_simple, layout_shoals, shoal_ilsuiw
Snake:1:  layout_rooms, ebering_ghost_gozag, uniq_frances
Snake:2:  layout_misc_corridors, minmay_shop_grove
Snake:3:  layout_basic, serial_shops, nicolae_shop_waterfront,
          gammafunk_ghost_necromancy
Snake:4:  snake_pit_salamanders_mu, layout_chambers, ebering_ghost_inner_flame,
          nicolae_snake_snakes_in_the_grass, grunt_megastairs_5, uniq_aizul,
          uniq_donald
Slime:1:  layout_caves
Slime:2:  layout_caves, basic_altar, cheibrodos_slime_lost_civilization_4
Slime:3:  layout_caves
Slime:4:  cheibrodos_slime_lost_civilization_10, layout_caves, special_room
          [special_room_jelly]
Slime:5
Orc:1:    layout_caves
Orc:2:    st_orc_elflike, layout_caves
Elf:1:    minmay_elf_arrival_circle, layout_gridlike, serial_shops, shop,
          nicolae_shop_behind_doors, nicolae_trove_entry_diagonal,
          minmay_elf_necromancy, uniq_nikola, uniq_agnes
Elf:2:    nicolae_elf_blades_crystal_corner, layout_geoelf_octagon,
          serial_shops, nicolae_shop_statue_plus, basic_altar
Elf:3:    minmay_elf_hall_four_x, layout_gridlike, gammafunk_ghost_arena

Skill      XL: |  1  2  3  4  5  6  7  8  9 10 11 12 13 14 15 16 17 18 19 20 21 |
---------------+----------------------------------------------------------------+-----
Stealth        | 3 4 5 6 7 |  7.0
Spellcasting   | 3 5 7 8 9 10 11 12 13 14 15 16 17 18 | 18.6
Conjurations   | 2 3 4 5 6 7 8 9 10 12 13 14 15 16 17 | 17.6
Fire Magic     | 4 5 7 8 9 10 12 13 14 15 16 17 18 | 18.2
Hexes          | 1 2 3 |  3.4
Dodging        | 3 4 5 6 7 |  7.8
Fighting       | 1 2 3 |  3.9
Invocations    | 2 4 6 7 9 10 11 13 | 13.8
Polearms       | 1 |  1.6
Transmutations | 2 4 |  4.0
Shields        | 1 3 4 5 6 7 9 10 11 12 | 12.3
Earth Magic    | 2 4 5 |  5.2
Short Blades   | 1 2 3 |  3.4
Ice Magic      | 3 5 7 |  7.5
Translocations | 1 |  1.2
Axes           | |  0.8

Action                     |  1- 3 |  4- 6 |  7- 9 | 10-12 | 13-15 | 16-18 | 19-21 || total
---------------------------+-------+-------+-------+-------+-------+-------+-------++-------
  Melee: Dagger            |    12 |       |     4 |       |    40 |   195 |   221 ||   472
         Constrict         |     6 |     4 |    11 |     5 |    10 |    25 |    14 ||    75
         Tentacles         |     4 |     1 |    10 |     8 |    21 |    73 |    92 ||   209
         Hand axe          |     3 |    16 |       |       |       |       |       ||    19
         Spear             |       |       |    47 |    24 |     2 |       |       ||    73
         Punch             |       |       |     1 |     1 |       |     4 |     6 ||    12
   Cast: Foxfire           |    40 |   108 |   146 |   271 |   372 |   242 |    92 ||  1271
         Scorch            |       |     2 |    58 |   114 |   178 |   183 |    91 ||   626
         Inner Flame       |       |       |     8 |    37 |    35 |    44 |    12 ||   136
         Flame Wave        |       |       |     7 |    15 |    67 |    30 |    51 ||   170
         Sticky Flame      |       |       |       |     2 |     7 |     1 |       ||    10
         Fireball          |       |       |       |     2 |    99 |    94 |    99 ||   294
         Stone Arrow       |       |       |       |       |     5 |    42 |    11 ||    58
         Lehudib's Crystal |       |       |       |       |     1 |       |       ||     1
         Starburst         |       |       |       |       |     5 |    46 |    73 ||   124
         Irradiate         |       |       |       |       |       |    14 |     2 ||    16
         Orb of Destructio |       |       |       |       |       |    56 |   171 ||   227
         Ignition          |       |       |       |       |       |     4 |    26 ||    30
         Disjunction       |       |       |       |       |       |     1 |       ||     1
         Metabolic Englaci |       |       |       |       |       |       |    21 ||    21
         Hailstorm         |       |       |       |       |       |       |    10 ||    10
         Iskenderun's Myst |       |       |       |       |       |       |    39 ||    39
 Invoke: Channel Magic     |       |       |       |       |     7 |     7 |    13 ||    27
         Divine Exegesis   |       |       |       |       |     1 |     4 |       ||     5
  Evoke: Wand              |       |       |       |     1 |     1 |     1 |       ||     3
    Use: Scroll            |     6 |     6 |     5 |    15 |     7 |    13 |    11 ||    63
         Potion            |       |     2 |       |     3 |     4 |     3 |     7 ||    19
   Stab: Sleeping          |     3 |     5 |     2 |     2 |     4 |    13 |     5 ||    34
         Distracted        |       |       |       |     1 |       |       |     3 ||     4
 Armour: Skin              |     1 |     1 |     9 |     4 |    43 |    25 |    58 ||   141
  Dodge: Dodged            |     9 |    12 |    72 |    43 |   128 |   128 |   108 ||   500
  Block: Buckler           |       |       |       |    26 |   189 |   115 |       ||   330
         Reflection        |       |       |       |       |    21 |    43 |    90 ||   154
         Kite shield       |       |       |       |       |       |   199 |   596 ||   795

Table legend: (Time is in decaauts)
 A = Elapsed time spent in this place.
 B = Non-inter-level travel time spent in this place.
 C = Inter-level travel time spent in this place.
 D = Time resting spent in this place.
 E = Time spent auto-exploring this place.
 F = Levels seen in this place.
 G = Mean time per level.
                   A        B        C        D        E       F      G
               +--------+--------+--------+--------+--------+-----+--------+
         Total |  65188 |  62216 |   2972 |   6240 |  41879 |  40 | 1629.7 |
       Dungeon |  21817 |  20271 |   1546 |    719 |  14930 |  15 | 1454.5 |
        Temple |    119 |    105 |     14 |      0 |     80 |   1 |  119.0 |
          Lair |   8723 |   8115 |    608 |    421 |   6119 |   5 | 1744.6 |
        Shoals |   9099 |   8808 |    291 |   1967 |   5089 |   4 | 2274.8 |
     Snake Pit |  10547 |  10298 |    249 |    913 |   7058 |   4 | 2636.8 |
    Slime Pits |   4482 |   4410 |     72 |   1276 |   2480 |   5 |  896.4 |
  Orcish Mines |   2151 |   2136 |     15 |    133 |   1315 |   2 | 1075.5 |
   Elven Halls |   7570 |   7396 |    174 |    811 |   4323 |   3 | 2523.3 |
         Sewer |    677 |    677 |      0 |      0 |    485 |   1 |  677.0 |
               +--------+--------+--------+--------+--------+-----+--------+

Top non-repeatable levels by time:
 Snake:4: 4025 daAuts
Shoals:3: 3970 daAuts
   Elf:2: 3031 daAuts
   Elf:3: 2762 daAuts
 Snake:3: 2715 daAuts
  Lair:5: 2555 daAuts
    D:10: 2320 daAuts
    D:13: 2319 daAuts
 Snake:2: 2241 daAuts
    D:15: 2046 daAuts
     D:8: 1931 daAuts
Shoals:2: 1849 daAuts
  Lair:1: 1846 daAuts
   Elf:1: 1776 daAuts
Shoals:1: 1774 daAuts
